[Event "*** Titled Tuesday Blitz"]
[Site "Chess.com"]
[Date "2020.04.28"]
[Round "5"]
[White "Vesper2018"]
[Black "johnathan113"]
[Result "0-1"]
[WhiteElo "2071"]
[BlackElo "2640"]
[TimeControl "180+1"]
[EndTime "10:56:37 PDT"]
[Termination "johnathan113 won on time"]

1. e4 c5 2. Nf3 g6 3. d4 cxd4 4. Nxd4 Nc6 5. c4 Bg7 6. Be3 Qb6 7. Nb5 Qa5+ 8. Bd2 Qd8 9. N1c3 a6 10. Na3 Nf6 11.
Be2 O-O 12. O-O d6 13. Nc2 Be6 14. Rc1 Nd7 15. Ne3 Nd4 16. Ned5 Bxd5 17. cxd5 Rc8 18. Bd3 Ne5 19. Be3 Qb6 20. Na4 Rxc1 21. Nxb6 Rxd1 22. Rxd1 Nxd3 23. Rxd3 Nc2 24. Bc1 f5 25. exf5 Rxf5 26.
a3 Bd4 27. Rd2 Rxf2 28. Rxd4 Re2 29. Rd1 Na1 30. Bf4 Nb3 31. Kf1 Rxb2 32. Nc4 Rc2 33.
Ne3 Ra2 34. Rd3 Nc5 35. Rc3 b5 36. Nc2 a5 37. Ke2 b4 38. axb4 axb4 39. Rc4 b3 40.
Kd1 bxc2+ 41. Rxc2 Ra4 42. Be3 Ne4 43. Rc7 Kf7 44. Rb7 Nf6 45. Bg5 Nxd5 46. Ke2 Re4+ 47.
Kf3 Re5 48. Bd2 Nf6 49. g4 h5 50. h3 hxg4+ 51. hxg4 g5 52. Be3 Rd5 0-1

[Event "*** Titled Tuesday Blitz"]
[Site "Chess.com"]
[Date "2020.04.28"]
[Round "5"]
[White "quesfr"]
[Black "Muguet7"]
[Result "1-0"]
[WhiteElo "2238"]
[BlackElo "2468"]
[TimeControl "180+1"]
[EndTime "10:56:37 PDT"]
[Termination "quesfr won by checkmate"]

1. e4 c5 2. c3 Nf6 3. e5 Nd5 4. Nf3 e6 5. g3 Nc6 6. Bg2 d6 7.
exd6 Bxd6 8. O-O O-O 9. d4 Qe7 10. c4 Nf6 11. Be3 cxd4 12. Nxd4 Ne5 13. Nb5 Bb8 14. Qe2 a6 15. N5c3 Neg4 16. Bg5 Qc5 17. Bc1 Ba7 18. Nd2 Nxf2 19. Rxf2 Qxf2+ 20. Qxf2 Bxf2+ 21. Kxf2 e5 22. Nf3 e4 23. Ng5 Ng4+ 24. Kg1 f5 25.
Nd5 h6 26. Nh3 g5 27. Nf2 Ne5 28. b3 Bd7 29. Bb2 Rae8 30. Rd1 Bc6 31. g4 Bxd5 32. Rxd5 Nf3+ 33. Bxf3 exf3 34. Kf1 fxg4 35. Nxg4 Re6 36. Rd7 Rg6 37. Ne5 Rg7 38. Rxg7+ Kxg7 39. Nd7+ Kf7 40.
Nxf8 Kxf8 41. Kf2 g4 42. Bd4 h5 43. Kg3 Kf7 44. Kh4 Kg6 45. Bf2 Kh6 46. Be3+ Kg6 47.
b4 Kf5 48. Kxh5 Ke4 49. Bf2 Kf4 50. c5 g3 51. hxg3+ Ke4 52. Kg4 Kd3 53. Kxf3 Kc4 54.
Be1 Kd3 55. Kf4 Kc2 56. g4 Kd1 57. Bg3 Ke2 58. g5 Kd3 59. g6 Kc4 60. g7 Kxb4 61.
g8=Q Kxc5 62. Bf2+ Kb5 63. Qb3+ Ka5 64. Be1# 1-0

[Event "*** Titled Tuesday Blitz"]
[Site "Chess.com"]
[Date "2020.04.28"]
[Round "5"]
[White "AshotParvanyan"]
[Black "mshuaau0"]
[Result "1-0"]
[WhiteElo "2469"]
[BlackElo "2127"]
[TimeControl "180+1"]
[EndTime "10:56:39 PDT"]
[Termination "AshotParvanyan won by resignation"]

1. Nf3 d5 2. d4 Nf6 3. c4 e6 4.
g3 dxc4 5. Bg2 a6 6. O-O Nc6 7.
e3 Rb8 8. Qe2 b5 9. b3 cxb3 10.
Nfd2 Bb7 11. Nxb3 Be7 12. Bb2 O-O 13. Rc1 Qd7 14. N1d2 Rfc8 15. Nc5 Bxc5 16. Rxc5 Nd8 17. Rac1 Bxg2 18. Kxg2 Qd6 19. e4 Nd7 20. R5c2 c5 21. dxc5 Rxc5 22. Nb3 Rxc2 23. Rxc2 e5 24. Rd2 Qe7 25.
Qd3 Nb6 26. Bxe5 Qxe5 27. Qxd8+ Qe8 28. Qxe8+ Rxe8 29. Nc5 Nc4 30. Rd7 g6 31. f4 a5 32.
e5 Rc8 33. Ne4 b4 34. Nf6+ Kg7 35. Ne4 Na3 36. Nd6 Rc2+ 37. Kf3 Rxa2 38. Rxf7+ Kg8 39. e6 Ra1 40. e7 Re1 41. Rf8+ Kg7 42. Ne4 Nc4 43.
e8=Q Rxe4 44. Qf7+ Kh6 45. Kxe4 Nd6+ 46. Kd3 Nxf7 47. Rxf7 a4 48. Kc4 b3 49. Kc3 g5 50.
f5 Kh5 51. Ra7 Kg4 52. Rxh7 Kxf5 53. Ra7 Kg4 54. Rxa4+ Kh3 55. Kxb3 Kxh2 56. Rg4 Kh3 57. Rxg5 Kg2 58. Rg8 Kf3 59. g4 1-0

[Event "*** Titled Tuesday Blitz"]
[Site "Chess.com"]
[Date "2020.04.28"]
[Round "5"]
[White "Alopekos"]
[Black "anon132639"]
[Result "0-1"]
[WhiteElo "2393"]
[BlackElo "2672"]
[TimeControl "180+1"]
[EndTime "10:56:40 PDT"]
[Termination "anon132639 won on time"]

1. e4 c5 2. Nc3 Nc6 3. Nge2 g6 4.
d4 cxd4 5. Nxd4 Bg7 6. Nxc6 bxc6 7. Bc4 d6 8. Qf3 Nf6 9. e5 dxe5 10. Qxc6+ Bd7 11.
Qa6 O-O 12. O-O Qc8 13. Be3 Bf5 14. Qxc8 Rfxc8 15. Bb3 a5 16. Na4 Rc6 17. c4 Bd3 18. Rfd1 e4 19. h3 Nd7 20. Nc3 Bxc3 21. bxc3 Nc5 22.
Rd2 a4 23. Bc2 Bxc2 24. Rxc2 Nd3 25. Rb1 Rxc4 26. Rb7 e6 27. a3 Rac8 28. Ra7 Ne5 29. Bc1 Kg7 30. Bf4 Nd3 31. Be3 e5 32. f3 exf3 33. gxf3 Rxc3 34. Rxc3 Rxc3 35. Rxa4 Nb2 36. Rb4 Rxe3 37. Rxb2 Rxa3 38. Kg2 h5 39. Rb7 Kf6 40. h4 Rd3 41. Rc7 Ke6 42. Rb7 f6 43. Rg7 Kf5 44. Rf7 Rd2+ 45. Kg3 Ra2 46. Rf8 Ra3 47. Kg2 g5 48.
hxg5 Kxg5 49. Rf7 f5 50. Re7 Kf4 51. Rh7 Ra2+ 52. Kh3 Kxf3 53. Rxh5 Kf4 54. Rh8 e4 55. Re8 Kf3 56. Kh4 f4 57. Kg5 e3 58. Rf8 Ra4 59. Kh4 e2 60. Re8 Re4 0-1

[Event "*** Titled Tuesday Blitz"]
[Site "Chess.com"]
[Date "2020.04.28"]
[Round "5"]
[White "Mashenka97"]
[Black "chessuriel"]
[Result "0-1"]
[WhiteElo "2346"]
[BlackElo "2222"]
[TimeControl "180+1"]
[EndTime "10:56:40 PDT"]
[Termination "chessuriel won on time"]

1. e4 c5 2. Nf3 e6 3. d4 cxd4 4. Nxd4 Nc6 5. Nc3 Qc7 6. Be3 Nf6 7. Be2 Bb4 8. Bf3 O-O 9. Nxc6 bxc6 10. O-O d5 11. exd5 cxd5 12. Re1 Bb7 13. Bd4 Be7 14. Qe2 Rfc8 15. Rad1 Qc4 16. Qe5 Qc7 17. Qg5 h6 18.
Qh4 a5 19. Qh3 a4 20. Rd2 a3 21. bxa3 Rxa3 22. Nb5 Qa5 23. Nxa3 Qxd2 24. Rd1 Qa5 25. Nb1 Rxc2 26. a3 Ba6 27. Qg3 Qc7 28. Be5 Qb7 29. Nd2 Bd3 30. Nf1 Be2 31. Bxe2 Rxe2 32. Qc3 Ra2 33. Ne3 Rxa3 34. Qd4 Qb4 35. Bxf6 gxf6 36. Qxb4 Bxb4 37. Nc2 Rb3 38. Kf1 Bc5 39. Rd2 Rb2 40. Ke2 Kf8 41. f3 Ke7 42. Kd3 Rb3+ 43. Ke2 Rb2 44. Kd3 Rb1 45. Re2 Rh1 46. Kc3 Rxh2 47. Kd3 Rh1 48. Kd2 Rb1 49. Kd3 Rb3+ 50. Kd2 Kd6 51. Kc1 e5 52. Kd2 Rb2 53. Kc1 Rb3 54. Rd2 Be3 55. Kd1 Bxd2 56. Kxd2 Rb1 0-1

[Event "*** Titled Tuesday Blitz"]
[Site "Chess.com"]
[Date "2020.04.28"]
[Round "5"]
[White "Rinas_Oleg"]
[Black "cukin84"]
[Result "1/2-1/2"]
[WhiteElo "2210"]
[BlackElo "2072"]
[TimeControl "180+1"]
[EndTime "10:56:40 PDT"]
[Termination "Game drawn - insufficient material"]

1. e4 c6 2. d4 d5 3. Nc3 a6 4. Nf3 Bg4 5. Be2 e6 6. O-O Nf6 7. exd5 cxd5 8. Ne5 Bxe2 9. Nxe2 Bd6 10.
f4 Nc6 11. Nxc6 bxc6 12. f5 O-O 13. fxe6 fxe6 14. Bf4 Ng4 15. Qd3 Qc7 16. Qg3 Bxf4 17. Nxf4 Nh6 18. Nxe6 Qxg3 19. hxg3 Rxf1+ 20. Rxf1 Re8 21. Nc5 a5 22. Nd3 Ng4 23. Re1 Rxe1+ 24. Nxe1 Kf7 25. a4 Ke6 26. Nd3 Kf5 27. b4 axb4 28.
a5 Nf6 29. a6 Nd7 30. a7 Nb6 31. Nxb4 Ke4 32. Nxc6 g5 33. Kf2 h5 34. Ke2 Na8 35.
c3 Nc7 36. Ne7 Na8 37. Nc8 Kf5 38. Ke3 Kg4 39. Kf2 Kf5 40. Kf3 Ke6 41. g4 h4 42. Ke3 Kd7 43. Kd3 Kxc8 44. c4 dxc4+ 45. Kxc4 Kb7 46. Kd5 Nc7+ 47. Ke5 Nb5 48. Kf5 Nxd4+ 49.
Kxg5 Kxa7 50. Kxh4 Kb7 51. g5 Kc7 52. g6 Kd7 53.
Kg5 Ke7 54. Kh6 Nf5+ 55. Kh7 Kf6 56. g3 Ne7 57. g7 Kg5 58. g8=Q+ Nxg8 59. Kxg8 Kg4 60.
Kg7 Kxg3 1/2-1/2

[Event "*** Titled Tuesday Blitz"]
[Site "Chess.com"]
[Date "2020.04.28"]
[Round "5"]
[White "ENEASZ"]
[Black "MasterKroket"]
[Result "1/2-1/2"]
[WhiteElo "2555"]
[BlackElo "2399"]
[TimeControl "180+1"]
[EndTime "10:56:41 PDT"]
[Termination "Game drawn by repetition"]

1. e4 c5 2. c3 Nf6 3. e5 Nd5 4.
d4 cxd4 5. cxd4 d6 6. Bc4 Nb6 7. Bb5+ Bd7 8. e6 Bxb5 9. Qh5 g6 10. Qxb5+ Nc6 11. exf7+ Kxf7 12. Nf3 Bg7 13. Ng5+ Kg8 14. Be3 Qd7 15. Qd3 d5 16. O-O h6 17. Nf3 Kh7 18.
Nc3 Rhf8 19. Ne2 Qf5 20. Qxf5 Rxf5 21. b3 g5 22. h3 Raf8 23. Rac1 e6 24. Rfd1 Nc8 25.
Ng3 R5f7 26. Nh2 Nd6 27. Ng4 Kg6 28. Nh2 Nf5 29. Nxf5 exf5 30. f3 Re7 31. Nf1 Rfe8 32. Bf2 Re2 33. Rc5 Rxf2 34. Kxf2 Bxd4+ 35. Rxd4 Nxd4 36. Rxd5 Re2+ 37. Kg1 Ne6 38. Rxf5 Nf4 39. Rb5 Rxg2+ 40.
Kh1 Rf2 41. Ng3 Rxf3 42. Kh2 Rf2+ 43. Kh1 b6 44. a4 Rf3 45. Kh2 Ne6 46. a5 Nd4 47.
Rb4 Nxb3 48. axb6 axb6 49. Rxb6+ Kg7 50. Nh5+ Kf8 51. Kg2 Rc3 52. Rb7 Nd4 53. Nf6 Nf5 54.
Rd7 Nh4+ 55. Kh2 Rc2+ 56. Kh1 Nf3 57. Nh7+ Ke8 58. Nf6+ Kf8 59. Nh7+ Ke8 60. Nf6+ Kf8 1/2-1/2

[Event "*** Titled Tuesday Blitz"]
[Site "Chess.com"]
[Date "2020.04.28"]
[Round "5"]
[White "MilanJeremic"]
[Black "Yerlan-Ra"]
[Result "1-0"]
[WhiteElo "2253"]
[BlackElo "2405"]
[TimeControl "180+1"]
[EndTime "10:56:42 PDT"]
[Termination "MilanJeremic won by resignation"]

1. d4 Nf6 2. g3 g6 3. Bg2 Bg7 4. Nf3 O-O 5. O-O d6 6. c4 Nc6 7. Nc3 a6 8. b3 Rb8 9. d5 Na5 10. Bb2 c5 11. dxc6 bxc6 12. Qd2 Bb7 13. Rfd1 Ba8 14.
Rab1 c5 15. h4 Qd7 16. Ng5 Nc6 17. Nd5 Nxd5 18. Bxg7 Kxg7 19. cxd5 Nd4 20. e3 Nf5 21. h5 h6 22. Qc3+ Kg8 23. Nf3 Ng7 24. hxg6 fxg6 25. Nh4 Qg4 26. Qc4 Qh5 27. Qe4 Nf5 28. Qe6+ Kg7 29.
Nxf5+ Qxf5 30. Qxe7+ Rf7 31. Qxd6 Qxf2+ 32. Kh2 Rbf8 33.
Rf1 Qxe3 34. Rxf7+ Rxf7 35. Rf1 Qe7 36. Rxf7+ Kxf7 37.
Qf4+ Qf6 38. Qxh6 g5 39. Qh7+ Qg7 40. Qf5+ Kg8 41. Qc8+ Qf8 42. Qe6+ Qf7 43. g4 Qxe6 44.
dxe6 Bxg2 45. Kxg2 Kf8 46. Kf3 Ke7 47. Ke4 Kxe6 48. a3 a5 49. a4 Kd6 50. Kf5 c4 51. bxc4 Kc5 52. Kxg5 Kb4 53. Kh6 Kxa4 54. g5 Kb4 55. g6 a4 56. g7 a3 57. g8=Q a2 58. Qg1 Kxc4 59. Qa1 Kb3 60. Kg5 Ka3 61. Kf4 Kb3 62. Ke4 Ka3 63. Kd4 Kb3 64. Kc5 Ka3 65. Kc4 1-0

[Event "*** Titled Tuesday Blitz"]
[Site "Chess.com"]
[Date "2020.04.28"]
[Round "5"]
[White "TERMINATOR_PC"]
[Black "djogrodek1"]
[Result "1/2-1/2"]
[WhiteElo "2402"]
[BlackElo "2554"]
[TimeControl "180+1"]
[EndTime "10:56:43 PDT"]
[Termination "Game drawn - insufficient material"]

1. e4 c6 2. Nc3 d5 3. Nf3 dxe4 4. Nxe4 Nf6 5. Qe2 Na6 6. Nxf6+ gxf6 7. d3 Bg4 8. h3 Bh5 9. g4 Bg6 10. Bg2 e6 11. Bd2 Nb4 12. Bc3 Nd5 13. Bd2 Bd6 14. O-O Qc7 15. Nh4 Bh2+ 16. Kh1 Bf4 17. Bxd5 cxd5 18. Bxf4 Qxf4 19. Qe3 Qc7 20. f4 h5 21.
Nxg6 fxg6 22. Qxe6+ Qe7 23. Rae1 Qxe6 24. Rxe6+ Kd7 25.
Rxf6 hxg4 26. Rxg6 Rxh3+ 27. Kg2 Rah8 28. Rxg4 Rh2+ 29.
Kf3 Rxc2 30. Rf2 Rc1 31. f5 Rd1 32. Ke2 Rb1 33. Ke3 Rh3+ 34. Kd4 Rd1 35. Kxd5 Rhxd3+ 36.
Ke5 Ke7 37. Rg7+ Kf8 38. Rxb7 Rd5+ 39. Kf4 R5d4+ 40. Kg5 Rg1+ 41. Kf6 Rd6+ 42. Ke5 Ra6 43. Rd2 Re1+ 44. Kd5 Rxa2 45. f6 Ra5+ 46. Kd6 Ra6+ 47. Kc5 Rxf6 48. Rd8+ Re8 49. Rxe8+ Kxe8 50. Rxa7 Kd8 51. b4 Kc8 52. b5 Rh6 53. Re7 Kb8 54. Kb4 Ka8 55. Ka5 Kb8 56. Rg7 Ka8 57. Rf7 Kb8 58.
Rf5 Kb7 59. Rc5 Rg6 60. Kb4 Kb6 61. Rc4 Rh6 62. Rf4 Re6 63. Rc4 Rd6 64. Rc6+ Rxc6 65. bxc6 Kxc6 1/2-1/2

[Event "*** Titled Tuesday Blitz"]
[Site "Chess.com"]
[Date "2020.04.28"]
[Round "5"]
[White "noblerone"]
[Black "Toro1234"]
[Result "1-0"]
[WhiteElo "2437"]
[BlackElo "2618"]
[TimeControl "180+1"]
[EndTime "10:56:46 PDT"]
[Termination "noblerone won by checkmate"]

1. d4 d5 2. Nf3 c6 3. Bf4 Bg4 4. Nbd2 Nf6 5. e3 Nbd7 6. c4 e6 7. Qb3 Qc8 8. Rc1 Be7 9. h3 Bh5 10. Bd3 O-O 11. O-O Bg6 12. Bxg6 hxg6 13. Rfe1 Re8 14.
e4 Nxe4 15. Nxe4 dxe4 16. Rxe4 Nf6 17. Ree1 b6 18. Ne5 Qb7 19. Rcd1 Rad8 20. Bg5 Nd7 21. Bxe7 Rxe7 22. Nf3 Nf6 23. Rd3 Red7 24. Red1 Qc7 25. Ne5 Rd6 26. Qc2 c5 27. Nf3 Kf8 28. dxc5 Qxc5 29. b3 Rxd3 30. Rxd3 Rxd3 31. Qxd3 Ke7 32. g3 Nd7 33. Qc3 f6 34. Nh4 g5 35. Nf3 e5 36.
h4 gxh4 37. Nxh4 Nf8 38. Qd3 Qc6 39. Nf5+ Kf7 40. Qd8 Qd7 41. Nd6+ Kg8 42. Qb8 e4 43. Nxe4 Qe7 44. Qf4 Ng6 45. Qe3 Qd7 46. Qd2 Qe7 47. Qd5+ Kf8 48. Nd6 Qd7 49. a4 Ne5 50. f4 Nc6 51. c5 bxc5 52. Qxc5 Ne7 53. Ne4 Qd3 54. Qc4 Qe3+ 55. Kg2 a5 56. b4 axb4 57. Qxb4 Kf7 58. Qc4+ Kg6 59. Nf2 Nf5 60. Qd3 Qc1 61. g4 Kh6 62. Qxf5 Qc6+ 63. Qe4 Qc3 64. Qf3 Qb4 65. Qh3+ Kg6 66. Qh5# 1-0

[Event "*** Titled Tuesday Blitz"]
[Site "Chess.com"]
[Date "2020.04.28"]
[Round "5"]
[White "827883"]
[Black "gvanna"]
[Result "1/2-1/2"]
[WhiteElo "2182"]
[BlackElo "2465"]
[TimeControl "180+1"]
[EndTime "10:56:48 PDT"]
[Termination "Game drawn by repetition"]

1. e4 c5 2. Nf3 Nc6 3. d4 cxd4 4. Nxd4 g6 5. Nc3 Bg7 6. Be3 Nf6 7. Bc4 Qa5 8. O-O O-O 9. Bb3 d6 10. h3 Bd7 11. f4 Rac8 12. Kh1 a6 13. Qe1 Nxd4 14. Bxd4 Bc6 15. Rd1 e5 16. Be3 Nh5 17. f5 Nf4 18. g3 Nh5 19. Rxd6 gxf5 20. Rxf5 Bxe4+ 21. Kh2 Bxf5 22.
Bb6 Qb4 23. Qd1 Nf6 24. a3 Bxc2 25. axb4 Bxd1 26. Rxd1 Rc6 27. Bc5 Ra8 28. Ba4 Rcc8 29. Bb6 Bf8 30. Rf1 Kg7 31. g4 h6 32. b5 axb5 33. Bxb5 Bb4 34. Rf3 Bxc3 35. bxc3 Ra2+ 36.
Kg3 Ne4+ 37. Kh4 Nxc3 38. Bd7 Rc4 39. Bd8 Nd5 40. Bf5 Rc3 41. Rf1 Raa3 42. g5 hxg5+ 43. Bxg5 f6 44. Bd2 Rf3 45. Rg1+ Kf7 46. Bg4 Rfd3 47.
Bc1 Nf4 48. Bxa3 Rxa3 49. Rb1 Ra7 50. Bf3 Kg6 51. Bxb7 Ra3 52. Be4+ Kh6 53. Bf5 Re3 54. Rb8 Ng6+ 55. Kg4 Ne7 56. Rh8+ Kg7 57. Rh7+ Kf8 58. Rh8+ Kg7 59. Rh7+ Kf8 60. Rh8+ Kf7 61. Rh7+ Kf8 1/2-1/2

[Event "*** Titled Tuesday Blitz"]
[Site "Chess.com"]
[Date "2020.04.28"]
[Round "5"]
[White "gross-aleks"]
[Black "MeetGoku"]
[Result "1/2-1/2"]
[WhiteElo "2509"]
[BlackElo "2333"]
[TimeControl "180+1"]
[EndTime "10:56:49 PDT"]
[Termination "Game drawn - insufficient material"]

1. c4 Nf6 2. g3 g6 3. Bg2 d5 4. Nc3 c6 5. b3 Bg7 6. Bb2 O-O 7.
Nf3 a5 8. d4 Bf5 9. O-O Ne4 10.
Na4 b5 11. cxb5 cxb5 12. Nc3 Nxc3 13. Bxc3 b4 14. Bd2 Nd7 15. Be3 Rc8 16. Nh4 Be4 17. f3 Bc2 18. Qd2 Qc7 19. Rac1 Qc3 20. Bh3 e6 21.
Qxc3 Rxc3 22. Kf2 Rfc8 23. Ng2 Nb6 24. Ne1 a4 25. Nxc2 Rxc2 26. Rxc2 Rxc2 27. Rc1 Rxc1 28. Bxc1 Bxd4+ 29. e3 Bc3 30. Bf1 a3 31. Bb5 Kf8 32. Ke2 Ke7 33. e4 dxe4 34. fxe4 Kd6 35. Be3 Nd7 36.
Bxd7 Kxd7 37. Kd3 Kd6 38. Bd4 Be1 39. Kc4 f5 40. e5+ Kc6 41. Bc5 Bc3 42. Bxb4 Bxe5 43. Bxa3 f4 44. gxf4 Bxf4 45. h3 g5 46. Kd4 h5 47.
Ke4 Bc7 48. Be7 g4 49. hxg4 hxg4 50. Bh4 Bd6 51. Bf2 Kb5 52. Be1 Bc7 53. a4+ Kc5 54. b4+ Kc4 55. b5 Kc5 56. Bc3 g3 57. Be1 e5 58. Kf3 Kc4 59. Bxg3 Kb4 60. Bxe5 Bxe5 61. b6 Bb8 62. b7 Kxa4 63. Ke4 Kb5 64. Kd5 Kb6 65.
Ke6 Kxb7 1/2-1/2

[Event "*** Titled Tuesday Blitz"]
[Site "Chess.com"]
[Date "2020.04.28"]
[Round "5"]
[White "Kotofeyca"]
[Black "BeanScreen"]
[Result "1-0"]
[WhiteElo "2430"]
[BlackElo "2563"]
[TimeControl "180+1"]
[EndTime "10:56:50 PDT"]
[Termination "Kotofeyca won by resignation"]

1. d4 d5 2. c4 dxc4 3. Nf3 a6 4. e3 Nf6 5. Bxc4 e6 6. Nc3 c5 7. O-O b5 8. Bb3 Bb7 9. Qe2 b4 10. Na4 Nbd7 11. Rd1 Qc7 12. dxc5 Nxc5 13. Nxc5 Bxc5 14. Bd2 O-O 15. Rac1 Qe7 16. Be1 Rac8 17. Nd4 Nd5 18. f3 Bxd4 19. exd4 Qg5 20. Bd2 Qh4 21. Qe4 Qe7 22. Bc2 f5 23. Qe2 Qf6 24. Be1 Rc7 25.
Qd2 Rfc8 26. Bf2 Qg6 27. Bb3 a5 28. Rxc7 Rxc7 29. Rc1 Qf7 30. Rc5 Rxc5 31. dxc5 Bc6 32.
Qd4 Qf6 33. Qxf6 gxf6 34. Bd4 Kf7 35. Kf2 Ke7 36. g3 e5 37. Be3 Nxe3 38. Kxe3 Kd7 39.
f4 Bh1 40. Bg8 h6 41. Bh7 Be4 42. g4 Kc6 43. Bxf5 Bh1 44. Be4+ Bxe4 45. Kxe4 exf4 46.
Kxf4 Kxc5 47. Kf5 a4 48. Kxf6 a3 49. bxa3 bxa3 50. Kg6 Kc4 51. Kxh6 Kc3 52. g5 Kb2 53. g6 Kxa2 54. g7 Kb2 55. g8=Q a2 56. Qg7+ Kb1 57. h4 Kc2 58. Qa1 Kb3 59. h5 1-0

[Event "*** Titled Tuesday Blitz"]
[Site "Chess.com"]
[Date "2020.04.28"]
[Round "5"]
[White "gmelviro"]
[Black "ama18"]
[Result "0-1"]
[WhiteElo "2148"]
[BlackElo "2471"]
[TimeControl "180+1"]
[EndTime "10:56:50 PDT"]
[Termination "ama18 won by resignation"]

1. c4 Nf6 2. g3 c5 3. Bg2 e6 4. Nc3 a6 5. e3 Qc7 6. Nge2 Be7 7.
O-O d6 8. b3 O-O 9. Bb2 Nbd7 10.
d4 cxd4 11. Nxd4 Re8 12. Rc1 Rb8 13. Qd2 Bf8 14. Rfd1 Nc5 15. b4 Ncd7 16. a3 Ne5 17. Bf1 b6 18. f4 Ned7 19. Bg2 Bb7 20. Bxb7 Qxb7 21. Qg2 Qxg2+ 22. Kxg2 Rbc8 23. Na4 d5 24. cxd5 Nxd5 25. Kf3 b5 26. Nc3 Nxc3 27. Rxc3 Rxc3 28. Bxc3 Rc8 29. Rc1 Nb6 30. Bd2 Nc4 31. Rc2 f6 32. Kf2 e5 33. fxe5 fxe5 34. Nb3 Rd8 35. Bc1 Rd3 36. Na5 Nxa5 37. bxa5 Bxa3 38. Rc8+ Kf7 39. Rc7+ Kf8 40. Rc8+ Ke7 41. Rc6 Bxc1 42. Rxc1 Ra3 43. Rc7+ Kd6 44. Rxg7 Rxa5 45. Rxh7 b4 46. Ke2 Ra2+ 47.
Kd1 a5 48. Kc1 b3 49. Rb7 a4 50. h4 Kc5 51. h5 Rh2 52. Ra7 Kb4 53. Rb7+ Kc3 54.
g4 b2+ 55. Kb1 Rh1+ 0-1

[Event "*** Titled Tuesday Blitz"]
[Site "Chess.com"]
[Date "2020.04.28"]
[Round "5"]
[White "gui_borba"]
[Black "Abund"]
[Result "0-1"]
[WhiteElo "2376"]
[BlackElo "2670"]
[TimeControl "180+1"]
[EndTime "10:56:51 PDT"]
[Termination "Abund won by checkmate"]

1. d4 Nf6 2. Bf4 g6 3. Nc3 d5 4. e3 Bg7 5. h4 h5 6. Be2 O-O 7.
Nf3 c5 8. Nb5 Na6 9. Ne5 Bd7 10.
a4 cxd4 11. exd4 Nb4 12. c3 Nc6 13. O-O a6 14. Na3 Rc8 15. Nc2 Ne4 16. a5 Be6 17. Nxc6 Rxc6 18. Nb4 Rc8 19. Nd3 Nd6 20. Nc5 Bf5 21.
Bxd6 exd6 22. Nd3 Qxh4 23. Nb4 Be6 24. Bf3 Qg5 25. Qc1 Qf5 26. Qb1 Qg5 27. Qa2 h4 28. Bxd5 h3 29. g3 Rce8 30. Kh2 Qf5 31. Bxe6 Rxe6 32.
Rae1 Rfe8 33. Rxe6 fxe6 34. f4 d5 35. Qb1 Qh5 36. Qd1 Qh7 37. Qg4 Kf7 38. Nd3 Ke7 39. Nc5 Kf7 40. Re1 g5 41. fxg5 Qc2+ 42. Re2 Qf5 43.
Qxf5+ exf5 44. Rxe8 Kxe8 45. Kxh3 Bf8 46. Nxb7 Be7 47.
Kh4 Kf7 48. Kh5 Kg7 49. Nc5 Bd6 50. g4 f4 51. Kh4 f3 52. Kh3 Kg6 53. Nxa6 Kxg5 54. Nc5 Kf4 55. a6 Bb8 56. b4 Ke3 57. Ne6 f2 58. Kg2 Ke2 59. Nf4+ Bxf4 60. a7 f1=Q# 0-1

[Event "*** Titled Tuesday Blitz"]
[Site "Chess.com"]
[Date "2020.04.28"]
[Round "5"]
[White "MusicCityMaster"]
[Black "MathiasWomacka"]
[Result "1-0"]
[WhiteElo "2269"]
[BlackElo "2434"]
[TimeControl "180+1"]
[EndTime "10:56:51 PDT"]
[Termination "MusicCityMaster won by checkmate"]

1. d4 Nf6 2. c4 e6 3. Nc3 Bb4 4. Qc2 c5 5. dxc5 O-O 6. a3 Bxc5 7.
Nf3 b6 8. b4 Be7 9. e3 Bb7 10. Be2 d6 11. O-O Nbd7 12. Rd1 a6 13. Rd2 Qc7 14. Bb2 Rac8 15. Qd1 Qb8 16. Rc1 Rc7 17. Bf1 Rfc8 18. h3 Qa8 19. Be2 Bf8 20.
a4 d5 21. cxd5 Nxd5 22. Nxd5 Bxd5 23. Rxc7 Rxc7 24. e4 Bxb4 25. exd5 Bxd2 26. dxe6 Nc5 27. exf7+ Rxf7 28. Qxd2 b5 29. axb5 axb5 30. Bxb5 Qa2 31. Qd8+ Rf8 32. Qd4 Ne6 33. Bc4 Qb1+ 34. Kh2 Qg6 35.
Bxe6+ Kh8 36. Bc4 h6 37. Bd3 Qf7 38. Qe4 Qf4+ 39. Qxf4 Rxf4 40. Be5 Rb4 41. Kg3 Rb3 42. Be4 Ra3 43. Kf4 Ra4 44. g4 Kg8 45. g5 hxg5+ 46. Nxg5 Ra6 47. f3 Rb6 48. Bd5+ Kf8 49. Ne6+ Ke7 50.
Nxg7 Rb4+ 51. Be4 Rb3 52. Nf5+ Kf8 53. h4 Rb7 54. h5 Rh7 55. h6 Kf7 56. Bd5+ Kg6 57. Be4 Rf7 58. Kg4 Kh7 59. Nd6+ Kg8 60.
Nxf7 Kxf7 61. h7 Ke6 62. Kf4 Ke7 63. h8=Q Ke6 64. Qf6+ Kd7 65. Qf7+ Kd8 66. Bf6+ Kc8 67. Qb7# 1-0

[Event "*** Titled Tuesday Blitz"]
[Site "Chess.com"]
[Date "2020.04.28"]
[Round "5"]
[White "GM_dmitrij"]
[Black "jguerramzllo"]
[Result "1-0"]
[WhiteElo "2988"]
[BlackElo "2623"]
[TimeControl "180+1"]
[EndTime "10:56:52 PDT"]
[Termination "GM_dmitrij won by resignation"]

1. e4 e5 2. Nf3 Nc6 3. Bc4 Bc5 4. O-O Nf6 5. d3 O-O 6. c3 d6 7. Bb3 h6 8. Nbd2 a6 9. Re1 Re8 10. Nf1 Ba7 11. Ng3 Be6 12. h3 d5 13. exd5 Bxd5 14.
Bc2 Bc5 15. b4 Bf8 16. a4 Nd7 17. Bb2 b5 18. Bb3 Nb6 19. axb5 Bxb3 20. Qxb3 axb5 21.
Rxa8 Qxa8 22. Ne4 Qa4 23. Ned2 Rd8 24. Re3 Qxb3 25. Nxb3 f6 26. Kf1 Nd5 27. Re1 Nf4 28. d4 Nd3 29. Re2 exd4 30. Nbxd4 Nxd4 31. Nxd4 Bxb4 32. Nc6 Ra8 33. Nxb4 Nc5 34. f3 Na4 35. Rc2 Rd8 36. Ke2 c5 37. Nd3 c4 38. Nb4 Re8+ 39. Kf2 Nc5 40. Bc1 Rd8 41. Be3 Na4 42. Bd4 Kf7 43. Re2 Rd7 44. Na6 Rd5 45. Nb4 Rd7 46. Ke1 Rb7 47. Kd2 Rd7 48. Kc2 Rd6 49.
Kc1 Rd7 50. Rd2 h5 51. Kc2 Re7 52. Bf2 g5 53. Nc6 Re6 54. Nd4 Rd6 55. Nxb5 Ra6 56. Nd6+ Ke6 57. Nxc4 Nc5 58. Bxc5 Ra2+ 59. Kb3 Rxd2 60.
Nxd2 Kd5 61. Bd4 f5 62. Kc2 g4 63. Kd3 gxh3 64. c4+ Kc6 65. gxh3 f4 66. Ke4 1-0

[Event "*** Titled Tuesday Blitz"]
[Site "Chess.com"]
[Date "2020.04.28"]
[Round "5"]
[White "TheoSlade"]
[Black "Gyapiking"]
[Result "1/2-1/2"]
[WhiteElo "2310"]
[BlackElo "2497"]
[TimeControl "180+1"]
[EndTime "10:56:52 PDT"]
[Termination "Game drawn by stalemate"]

1. d4 d6 2. c4 e5 3. d5 f5 4.
e4 fxe4 5. Nc3 Nf6 6. Nge2 Bf5 7. Ng3 Bg6 8. Bg5 Be7 9. h4 h6 10. Bxf6 gxf6 11. Nf5 h5 12. Ng7+ Kf7 13. Ne6 Qd7 14. f3 Na6 15. fxe4 Nc5 16. Nxc5 dxc5 17. Be2 Rag8 18. Qd2 Ke8 19. O-O-O Kd8 20. Bf3 Kc8 21. Nb5 a6 22. Nc3 Kb8 23. Kb1 Bf8 24. Rhg1 Bh6 25. Qf2 b6 26. g4 hxg4 27. Bxg4 Qe7 28. Bf5 Bh5 29. Rxg8+ Rxg8 30. Rg1 Rg7 31. Rg2 Qf8 32. Qg1 Bf3 33. Rg6 Rxg6 34. Qxg6 Bd2 35. Kc2 Bf4 36.
Bg4 Bh1 37. h5 Bh6 38. Bh3 Bg5 39. Ne2 Qh6 40. Qxh6 Bxe4+ 41. Kc3 Bxh6 42. Ng3 Bh7 43. Bf5 Bf4 44. Bxh7 Bxg3 45. Kd3 Bf4 46. Ke4 Kc8 47. Kf5 Kd7 48. Kxf6 c6 49. dxc6+ Kxc6 50. Be4+ Kd6 51. Kg6 b5 52. b3 bxc4 53. bxc4 Kc7 54. h6 Bxh6 55. Kxh6 Kb6 56. a3 Ka5 57. Bc2 e4 58. Bxe4 Ka4 59. Kg5 Kxa3 60. Kf4 Kb3 61. Bd5 a5 62. Bc6 a4 63. Bxa4+ Kxa4 64. Ke3 Kb3 65. Kd2 Kxc4 66. Kc2 Kb4 67. Kb2 c4 68. Kc2 c3 69. Kc1 Kb3 70. Kb1 c2+ 71. Kc1 Kc3 1/2-1/2

[Event "*** Titled Tuesday Blitz"]
[Site "Chess.com"]
[Date "2020.04.28"]
[Round "5"]
[White "WinstonSilvakov"]
[Black "MaxLeto"]
[Result "0-1"]
[WhiteElo "2095"]
[BlackElo "2358"]
[TimeControl "180+1"]
[EndTime "10:56:53 PDT"]
[Termination "MaxLeto won on time"]

1. d4 d5 2. e3 Nf6 3. Bd3 c5 4.
c3 Nc6 5. f4 c4 6. Bc2 Bg4 7. Nf3 e6 8. O-O Bf5 9. Nbd2 Bd6 10.
Ne5 O-O 11. Nxc6 bxc6 12. Bxf5 exf5 13. b3 cxb3 14. axb3 Re8 15. Qf3 Re6 16. c4 Qe7 17. Re1 Re8 18. c5 Bb8 19. Nf1 Qb7 20. Qd1 Bxf4 21. Qd3 g6 22. Rd1 Bh6 23. h3 Rb8 24. Ra3 Re7 25. Bd2 Qb5 26. Qxb5 Rxb5 27. Rda1 Ne4 28.
Rxa7 Rxa7 29. Rxa7 Rxb3 30. Rc7 Nxd2 31. Nxd2 Bxe3+ 32. Kf1 Bxd2 33. Rxc6 Be3 34. Rd6 Bxd4 35. Rxd5 Rb4 36.
c6 Kg7 37. c7 Rc4 38. Rxd4 Rxc7 39. Kf2 h5 40. Kg3 Rc3+ 41. Kf4 Rc2 42. g3 Rh2 43. h4 Ra2 44. Kf3 Ra6 45. Kf4 Re6 46. Kf3 Kf6 47. Rd7 Re4 48. Rd6+ Ke5 49. Ra6 Rb4 50. Ra5+ Kf6 51. Ra6+ Kg7 52. Ra5 Rb3+ 53. Kf4 Rb4+ 54. Kf3 Rg4 55. Ra6 f4 56. Ra4 Rxg3+ 57. Kf2 Rg4 58.
Re4 Rxh4 59. Kf3 Rg4 60. Kf2 f5 0-1